 Dungeon Crawl Stone Soup version 0.31.0-32-g396128a36d (webtiles) character file.

Game seed: 2332463170556154235

1467 firemarshallily the Trooper (level 8, -2/63 HPs)
             Began as an Armataur Fighter on Mar 29, 2024.
             Was a Plaything of Xom.
             Slain by a phantom (6 damage)
             ... on level 6 of the Dungeon.
             The game lasted 00:14:14 (4510 turns).

firemarshallily the Trooper (Armataur Fighter)      Turns: 4510, Time: 00:14:16

Health: -2/63      AC:  9    Str: 31    XL:     8   Next: 48%
Magic:  8/8        EV:  8    Int:  7    God:    Xom [....*.]
Gold:   99         SH:  4    Dex:  8    Spells: 7/7 levels left

rFire   . . .        a - +0 flail
rCold   . . .        c - +0 buckler
rNeg    + . .        b - +0 scale mail
rPois   .            (no helmet)
rElec   .            (no cloak)
rCorr   +            (no gloves)
SInv    .            (no barding)
Will    .....        (no amulet) Stlth
                     h - ring of positive energy
HPRegen 0.30/turn    q - ring of resist corrosion
MPRegen 0.11/turn

%: roll
@: cleaving
A: large, deformed body, tough skin 3, armoured tail, roll 2, iridescent scales
1, deterioration 1, frail 1, strong 2
a: Renounce Religion


You were on level 6 of the Dungeon.
You worshipped Xom.
You were a beloved toy of Xom.
You visited 2 branches of the dungeon, and saw 7 of its levels.

You collected 359 gold pieces.
You spent 260 gold pieces at shops.

Inventory:

Hand Weapons
 a - a +0 flail (weapon)
Missiles
 g - 27 poisoned darts (quivered)
 j - 8 darts of dispersal
 t - 4 throwing nets
Armour
 b - a +0 scale mail (worn)
 c - a +0 buckler (worn)
Jewellery
 h - a ring of positive energy (left hand)
 q - a ring of resist corrosion (right hand)
Wands
 k - a wand of paralysis (4)
 m - a wand of roots (11)
 s - a wand of polymorph (21)
Scrolls
 f - 3 scrolls of identify
 l - a scroll of amnesia {unknown}
 n - 2 scrolls of poison {unknown}
 p - a scroll of fear
 y - a scroll of teleportation
 z - a scroll of torment {unknown}
Potions
 d - 3 potions of might
 i - a potion of magic
 o - a potion of attraction
 r - 2 potions of curing
 v - 2 potions of enlightenment
 w - a potion of invisibility {unknown}
 x - a potion of brilliance


   Skills:
 * Level 6.3 Fighting
 * Level 5.8 Maces & Flails
 + Level 6.2 Armour
 + Level 5.6 Shields


You had 7 spell levels left.
You didn't know any spells.
Your spell library contained the following spells:

 Spells                   Type           Power      Damage    Failure   Level
 Frozen Ramparts          Ice            0%         1d1       97%         3
 Leda's Liquefaction      Alch/Erth      0%         N/A       100%        4
 Petrify                  Alch/Erth      0%         N/A       100%        4
 Metabolic Englaciation   Hex/Ice        0%         N/A       100%        5


Dungeon Overview and Level Annotations

Branches:
Dungeon (6/15)             Temple (1/1) D:6

Altars:
Ashenzari
Dithmenos
Elyvilon
Fedhas
Gozag
Kikubaaqudgha
Makhleb
Nemelex Xobeh
Qazlal
Ru
Sif Muna
Trog
Uskayaw
Vehumet
Wu Jian
Xom
Yredelemnul
Zin

Shops:
D:5 [!=(


Innate Abilities, Weirdness & Mutations

Armour fits poorly on your strangely shaped body.
You have extremely tough skin. (AC +3)
You have a long armoured tail.
You regenerate magic and health when rolling toward enemies. (Rampage Regen)
You are partially covered in iridescent scales. (AC +2)
Your body sometimes deteriorates upon taking damage.
You are frail. (-10% HP)
Your muscles are very strong. (Str +8, Int/Dex -2)


Message History

The adder bites you but does no damage.
A phantom comes into view.
You block the adder's attack.
You sock the adder!
You kill the adder!
You are engulfed in a cloud of scalding steam.
You are engulfed in a cloud of scalding steam.
The steam dragon breathes steam at you. The ball of steam hits you!
* * * LOW HITPOINT WARNING * * *
Your body deteriorates!
You feel dopey.
The phantom is engulfed in a cloud of scalding steam.
You block the steam dragon's attack. The steam dragon barely misses you.
You feel much better. You block the steam dragon's attack. x2
The phantom hits you.
You sock the steam dragon!
Your tail-slap misses the steam dragon.
The steam dragon is heavily wounded.
You completely miss the phantom. The steam dragon completely misses you.
The steam dragon claws you but does no damage.
The phantom hits you but does no damage.
You closely miss the steam dragon. You tail-slap the steam dragon!
The steam dragon is almost dead.
You barely miss the phantom. The steam dragon breathes steam at you.
The ball of steam hits you! The phantom closely misses you.
You hit the steam dragon.
You kill the steam dragon!
The steam dragon scales are intact enough to wear.
You thump the phantom!
You are engulfed in a cloud of scalding steam.
* * * LOW HITPOINT WARNING * * *
The phantom barely misses you.
You feel your intelligence returning.
You barely miss the phantom.
The phantom is heavily damaged.
You are engulfed in a cloud of scalding steam.
* * * LOW HITPOINT WARNING * * *
The phantom hits you.
You die...
Xom titters!

############
#..........# #
#..........#
###
#.........§####
##..
#......§§.....^
....
#........§.#
#...
#.....W@§§.#
#...
#.....[....#
##.♣
#....†.W...# #
#.....>....# #
#..........#
######.#####
#.# #.# #.#


You could see 2 phantoms.

Vanquished Creatures
  Jeremiah (D:6)
  A steam dragon (D:6)
  An ice beast (D:6)
  Blork the orc (D:6)
  2 scorpions
  A howler monkey (D:4)
  A bombardier beetle (D:3)
  A jelly (D:5)
  5 hounds
  A sleepcap (D:4)
  Jessica (D:3)
  2 orc wizards
  5 iguanas
  A scorpion zombie (D:3)
  A hound zombie (D:3)
  11 gnolls
  5 adders
  An adder zombie (D:3)
  3 dart slugs
  A ribbon worm (D:5)
  8 orcs
  7 ball pythons
  6 bats
  9 endoplasms
  4 giant cockroaches
  9 goblins
  9 hobgoblins
  A jackal (D:4)
  11 kobolds
  5 quokkas
  4 frilled lizards
  A giant cockroach zombie (D:3)
  5 rats
125 creatures vanquished.

Vanquished Creatures (others)
  A goblin (D:4)
1 creature vanquished.

Grand Total: 126 creatures vanquished

Notes
Turn   | Place    | Note
-------+----------+-------------------------------------------
     0 | D:1      | firemarshallily the Armataur Fighter began the quest for
                  | the Orb.
     0 | D:1      | Reached XP level 1. HP: 18/18 MP: 1/1
   193 | D:1      | Reached XP level 2. HP: 25/25 MP: 2/2
   641 | D:2      | Found a faded altar of an unknown god.
   652 | D:2      | Prayed at the altar of an unknown god.
   652 | D:2      | Became a worshipper of Xom of Chaos
   731 | D:2      | XOM: silly message
   734 | D:2      | XOM: silly message
   736 | D:2      | Reached XP level 3. HP: 31/31 MP: 3/3
  1122 | D:2      | XOM: divination: detect items
  1504 | D:2      | Identified the +4 dagger of Moxytuk {speed, rC++ MP-9}
  1625 | D:3      | XOM: stealth player
  1639 | D:3      | Found an ornate altar of the Wu Jian Council.
  1658 | D:3      | XOM: cast spell 'Leda's Liquefaction'
  1666 | D:3      | XOM: smoke on damage
  1667 | D:3      | Reached XP level 4. HP: 4/38 MP: 4/4
  1900 | D:3      | Noticed Jessica
  1904 | D:3      | Killed Jessica
  1996 | D:3      | XOM: cast spell 'Animate Armour'
  2010 | D:3      | Reached XP level 5. HP: 44/46 MP: 5/5
  2114 | D:3      | Noticed a water elemental
  2115 | D:3      | Found a stormy altar of Qazlal.
  2118 | D:3      | Noticed a fire elemental
  2130 | D:3      | Noticed an air elemental
  2175 | D:3      | Found a basalt altar of Yredelemnul.
  2349 | D:4      | XOM: silly message
  2495 | D:4      | XOM: 1-stop teleportation journey
  2506 | D:4      | Reached XP level 6. HP: 40/52 MP: 6/6
  2769 | D:4      | XOM: silly message
  2953 | D:4      | Found a bloodstained altar of Trog.
  3001 | D:4      | XOM: potion effect (invisibility)
  3210 | D:4      | XOM: potion effect (attraction)
  3214 | D:4      | XOM: potion effect (invisibility)
  3439 | D:4      | XOM: silly message
  3473 | D:5      | Entered Level 5 of the Dungeon
  3473 | D:5      | Found Weuj Forch's Weapon Boutique.
  3473 | D:5      | Found Wecsir's Jewellery Shop.
  3558 | D:5      | XOM: divination: detect creatures
  3654 | D:5      | Reached skill level 5 in Armour
  3685 | D:5      | XOM: potion effect (might)
  3692 | D:5      | Gained mutation: You regenerate magic and health when
                  | rolling toward enemies. (Rampage Regen) [Armataur growth]
  3692 | D:5      | Reached XP level 7. HP: 34/60 MP: 7/7
  3694 | D:5      | XOM: divination: detect creatures
  3772 | D:5      | XOM: silly message
  3797 | D:5      | Found Ymauta's Antique Weapon Shoppe.
  3861 | D:5      | XOM: divination: magic mapping
  3920 | D:5      | Found Quefuliv's Distillery.
  3923 | D:5      | Bought a potion of attraction for 39 gold pieces
  3923 | D:5      | Bought a potion of enlightenment for 65 gold pieces
  3923 | D:5      | Bought a potion of mutation for 104 gold pieces
  3923 | D:5      | Bought a potion of brilliance for 52 gold pieces
  3923 | D:5      | Gained mutation: You occasionally lose the ability to read
                  | scrolls when taking damage. [potion of mutation]
  3923 | D:5      | Gained mutation: Your muscles are strong. (Str +4, Int/Dex
                  | -1) [potion of mutation]
  3923 | D:5      | Gained mutation: Your magical capacity is low. (-10% MP)
                  | [potion of mutation]
  3923 | D:5      | Gained mutation: You are partially covered in iridescent
                  | scales. (AC +2) [potion of mutation]
  3929 | D:5      | XOM: 1-stop teleportation journey
  3936 | D:5      | Reached skill level 5 in Fighting
  4100 | D:5      | Found Dexec's Antique Armour Emporium.
  4257 | D:6      | Noticed Blork the orc
  4265 | D:6      | XOM: noise
  4268 | D:6      | XOM: swap monsters
  4270 | D:6      | Reached skill level 5 in Shields
  4271 | D:6      | XOM: swap monsters
  4274 | D:6      | Reached skill level 5 in Maces & Flails
  4279 | D:6      | Killed Blork the orc
  4281 | D:6      | Reached XP level 8. HP: 57/69 MP: 7/7
  4335 | D:6      | Lost mutation: Your magical capacity is low. (-10% MP)
                  | [potion of mutation]
  4335 | D:6      | Lost mutation: You occasionally lose the ability to read
                  | scrolls when taking damage. [potion of mutation]
  4335 | D:6      | Gained mutation: You are frail. (-10% HP) [potion of
                  | mutation]
  4335 | D:6      | Gained mutation: Your body sometimes deteriorates upon
                  | taking damage. [potion of mutation]
  4335 | D:6      | Gained mutation: Your muscles are very strong. (Str +8,
                  | Int/Dex -2) [potion of mutation]
  4358 | D:6      | Found a staircase to the Ecumenical Temple.
  4369 | Temple   | Entered the Ecumenical Temple
  4438 | D:6      | Found a glowing silver altar of Zin.
  4440 | D:6      | Noticed Jeremiah
  4443 | D:6      | XOM: cleaving
  4455 | D:6      | XOM: enchant monster (good)
  4465 | D:6      | XOM: cleaving
  4466 | D:6      | XOM: enchant monster (good)
  4473 | D:6      | Killed Jeremiah
  4499 | D:6      | XOM: 1-stop teleportation journey
  4510 | D:6      | Slain by a phantom

Illustrated notes

Levels and vault maps discovered:
D:1:      lemuel_arrival_muddy, layout_basic
D:2:      minmay_razor_zed, layout_basic, ebering_ecumenical_altar_mist,
          minivault_24, roderic_lattice_a
D:3:      layout_rooms, amcnicky_altar_gilded, nicolae_yredelemnul_corpse_copse,
          nicolae_qazlal_style_of_elements, serial_bayou_crossing, uniq_jessica
D:4:      layout_loops_corners, trog_butcher_becter, hangedman_minor_gate_pass
D:5:      layout_rooms, serial_shops, shop, nicolae_shop_hallway_stairs, shop,
          shop, nicolae_shop_tiny_real_fake_doors, minmay_diced_spiral
D:6:      layout_rooms, zin_academy, minmay_temple_entry_hall,
          minmay_unpleasant_kobolds, uniq_sigmund, uniq_jeremiah,
          uniq_blork_the_orc
Temple:   nicolae_temple_god_jail

Skill      XL: |  1  2  3  4  5  6  7  8 |
---------------+-------------------------+-----
Maces & Flails | 2 3 4 5 |  5.8
Fighting       | 3 4 5 6 |  6.3
Armour         | 4 5 6 |  6.2
Shields        | 4 5 |  5.6

Action                     |  1- 3 |  4- 6 |  7- 9 || total
---------------------------+-------+-------+-------++-------
  Melee: Flail             |   132 |   177 |   116 ||   425
         Tailslap          |     7 |    17 |    17 ||    41
    Use: Potion            |     1 |     4 |     5 ||    10
         Scroll            |       |     2 |     3 ||     5
   Stab: Paralysed         |       |       |     2 ||     2
 Armour: Scale mail        |   139 |   145 |    98 ||   382
  Dodge: Dodged            |    46 |    71 |    40 ||   157
  Block: Buckler           |    28 |    26 |    27 ||    81
